 Dungeon Crawl Stone Soup version 0.20.0-4-g10b340a (webtiles) character file.

306 kuniqs the Covered (level 6, -7/55 HPs)
             Began as a Minotaur Fighter on May 27, 2017.
             Killed by divine providence
             ... invoked by an orc priest
              (12 damage)
             ... on level 3 of the Dungeon.
             The game lasted 00:02:16 (1131 turns).

kuniqs the Covered (Minotaur Fighter)               Turns: 1131, Time: 00:02:17

Health: -7/55      AC:  9    Str: 21    XL:     6   Next: 16%
Magic:  5/5        EV:  5    Int:  5    God:
Gold:   149        SH: 14    Dex: 11    Spells: 5/5 levels left

rFire    . . .     SeeInvis .   a - +1 long sword
rCold    . . .     Gourm    .   i - +0 large shield
rNeg     . . .     Faith    .   k - +0 chain mail
rPois    .         Spirit   .   (helmet restricted)
rElec    .         Reflect  .   (no cloak)
rCorr    .         Harm     .   (no gloves)
MR       .....     Rnd*Tele +   (no boots)
Stlth    ..........             n - amulet of regeneration
Regen    0.6/turn               l - ring of teleportation (curse)
MPRegen  0.1/turn               (no ring)

@: no status effects
A: retaliatory headbutt, horns 2
a: no special abilities


You were on level 3 of the Dungeon.
You were not hungry.

You visited 1 branch of the dungeon, and saw 3 of its levels.

You collected 149 gold pieces.

Inventory:

Hand Weapons
 a - a +1 long sword (weapon)
Armour
 i - a +0 large shield (worn)
 k - a +0 chain mail (worn)
Jewellery
 l - a cursed ring of teleportation (left hand)
 n - an amulet of regeneration (around neck)
Wands
 m - a wand of flame (10/48)
Scrolls
 g - 2 scrolls of teleportation
Potions
 b - 2 potions of might
 h - a potion of heal wounds
 j - a potion of berserk rage {unknown}
 o - a potion of brilliance {unknown}
 p - a potion of mutation {unknown}
 q - a potion of flight {unknown}
Comestibles
 c - 3 chunks of flesh
 d - 4 bread rations
 e - 2 meat rations
 f - 4 fruits


   Skills:
 + Level 4.8 Fighting
 + Level 4.3 Long Blades
 + Level 4.9 Armour
 + Level 2.8 Dodging
 + Level 4.8 Shields


You had 5 spell levels left.
You didn't know any spells.

Dungeon Overview and Level Annotations

Branches:
Dungeon (3/15)

Altars:


Innate Abilities, Weirdness & Mutations

You reflexively headbutt those who attack you in melee.
You have a pair of horns on your head.


Message History

You are too injured to fight recklessly!
You are too injured to fight recklessly!
You are too injured to fight recklessly!
You are too injured to fight recklessly!
You miss the orc wizard. Your headbutt misses the orc wizard.
The orc wizard closely misses you.
The giant cockroach bites you but does no damage.
The orc priest calls down the wrath of Beogh upon you.
Beogh smites you!
The orc wizard gestures at you while chanting.
The puff of flame hits you!
* * * LOW HITPOINT WARNING * * *
The giant cockroach bites you but does no damage.
You miss the orc wizard.
The orc wizard gestures at you while chanting.
The puff of frost hits you!
* * * LOW HITPOINT WARNING * * *
The orc priest calls down the wrath of Beogh upon you.
Beogh smites you!
You die...

.# #.###....##
# ###.#
#.......##### #
#...#
#.#............
# #.#
#...........###
# #.#
#.###....#..##
# #.#
#..............
# #.#
#.####.#.#.)###
# #.# #.s....#
.. #)#
#@#...... #.
#.# #o#.##.##
#.##### #o# #
.# #.....# #.#
#####.# ... #.#
##. #.# ! #<#
.. #.#


You could see an orc priest, an orc wizard and a giant cockroach.

Vanquished Creatures
  The ghost of ghjk the Covered, an amateur MiFi (D:3)
  4 adders
  2 worms
  3 dart slugs
  3 orcs (D:3)
  A ball python (D:2)
  3 giant cockroaches
  3 goblins
  6 hobgoblins
  A jackal (D:2)
  2 kobolds
  4 bats
  5 frilled lizards
  2 rats
40 creatures vanquished.

Notes
Turn   | Place    | Note
-------+----------+-------------------------------------------
     0 | D:1      | kuniqs the Minotaur Fighter began the quest for the Orb.
     0 | D:1      | Reached XP level 1. HP: 19/19 MP: 0/0
   162 | D:1      | Reached XP level 2. HP: 26/26 MP: 1/1
   488 | D:2      | Reached skill level 1 in Dodging
   488 | D:2      | Reached XP level 3. HP: 20/33 MP: 2/2
   859 | D:3      | Reached XP level 4. HP: 40/40 MP: 3/3
   933 | D:3      | Noticed ghjk's ghost (amateur MiFi)
   952 | D:3      | Killed ghjk's ghost
   952 | D:3      | Reached XP level 5. HP: 26/47 MP: 4/4
   952 | D:3      | Reached XP level 6. HP: 30/55 MP: 5/5
  1131 | D:3      | Killed from afar by an orc priest

Skill      XL: |  1  2  3  4 |
---------------+-------------+-----
Long Blades    | 3 4 |  4.3
Dodging        | 1 2 |  2.8
Shields        | 4 |  4.8
Armour         | 4 |  4.9
Fighting       | 4 |  4.8

Action                   |  1- 3 |  4- 6 || total
-------------------------+-------+-------++-------
Melee: Long sword        |    88 |    41 ||   129
       Headbutt          |    13 |     9 ||    22
  Use: Scroll            |     4 |     2 ||     6
  Eat: Chunk             |     8 |       ||     8
Armor: Scale mail        |     9 |       ||     9
       Chain mail        |    42 |    20 ||    62
Dodge: Dodged            |    20 |     7 ||    27
Block: Shield            |    27 |       ||    27
       Large shield      |    24 |    28 ||    52
       Rpst.: Long sword |     4 |     1 ||     5
